 Dungeon Crawl Stone Soup version 0.29-a0-319-gad05b8d819 (webtiles) character file.

Game seed: 708787952238347616

11426 rabbitsville the Grappler (level 11, 0/98 HPs)
             Began as a Troll Gladiator on Apr 2, 2022.
             Was an Elder of Qazlal.
             Slain by a troll (11 damage)
             ... on level 9 of the Dungeon.
             The game lasted 00:37:35 (9102 turns).

rabbitsville the Grappler (Troll Gladiator)         Turns: 9102, Time: 00:37:37

Health: 0/98       AC:  4    Str: 28    XL:     11   Next: 49%
Magic:  17/17      EV: 10    Int:  4    God:    Qazlal [****..]
Gold:   498        SH:  5    Dex: 11    Spells: 10/10 levels left

rFire   + . .      SeeInvis .     - Unarmed
rCold   . . .      Faith    +   (no shield)
rNeg    . . .      Spirit   .   G - +0 steam dragon scales
rPois   .          Reflect  .   b - +0 hat
rElec   .          Harm     .   n - +0 cloak
rCorr   .          Rampage  .   (gloves unavailable)
Will    .....                   (boots unavailable)
Stlth   +.........              I - amulet "Wiv Kel" {Faith rF+}
HPRegen 1.06/turn               C - ring of flight
MPRegen 0.15/turn               (no ring)

@: about to teleport, corroded, flying, repel missiles
A: large, unfitting armour, claws 3, regeneration 1, shaggy fur 1, tough skin 1
a: Renounce Religion, Upheaval, Elemental Force


You were on level 9 of the Dungeon.
You worshipped Qazlal.
Qazlal was greatly pleased with you.
You visited 1 branch of the dungeon, and saw 12 of its levels.

You collected 498 gold pieces.

Inventory:

Missiles
 c - 4 throwing nets
 d - 8 large rocks (quivered)
 j - 3 javelins
 r - 19 poisoned darts
 s - 4 atropa-tipped darts
 x - 2 boomerangs of dispersal
 F - 4 boomerangs
 K - 3 curare-tipped darts
Armour
 a - a +0 robe
 b - a +0 hat (worn)
 n - a +0 cloak (worn)
 G - +0 steam dragon scales (worn)
Jewellery
 C - a ring of flight (left claw)
 E - an amulet of reflection
 I - the amulet "Wiv Kel" (around neck) {Faith rF+}
   (You found it on level 8 of the Dungeon)

   [amulet of faith]

   It allows you to gain divine favour quickly.
   rF:        It protects you from fire.
Wands
 v - a wand of digging (5)
 y - a wand of paralysis (8)
 D - a wand of mindburst (15)
 H - a wand of acid (21)
Scrolls
 g - a scroll of silence
 h - 3 scrolls of amnesia
 i - 4 scrolls of fog
 q - 2 scrolls of vulnerability
 u - 2 scrolls of enchant armour
 w - a scroll of fear
 B - a scroll of immolation
 J - a scroll of summoning {unknown}
 L - 2 scrolls of identify
Potions
 e - 5 potions of heal wounds
 f - 3 potions of might
 k - a potion of brilliance {unknown}
 l - 3 potions of haste
 m - a potion of resistance {unknown}
 o - 3 potions of flight {unknown}
 p - 9 potions of curing
 z - 2 potions of mutation {unknown}
 A - 3 potions of lignification


   Skills:
 - Level 3.7 Fighting
 + Level 9.3 Throwing
 - Level 2.4 Dodging
 + Level 10.4 Unarmed Combat
 * Level 10.3 Invocations


You had 10 spell levels left.
You didn't know any spells.
Your spell library contained the following spells:

 Spells                   Type           Power      Damage    Failure   Level
 Animate Skeleton         Necr           0%         N/A       50%         1
 Apportation              Tloc           0%         N/A       50%         1
 Magic Dart               Conj           0%         1d3       50%         1
 Summon Small Mammal      Summ           0%         N/A       50%         1
 Searing Ray              Conj           0%         2d4       65%         2
 Conjure Flame            Conj/Fire      0%         6-21      86%         3
 Ignite Poison            Fire/Tmut/Pois 0%         N/A       86%         3
 Ozocubu's Armour         Ice            0%         N/A       86%         3
 Fulminant Prism          Conj/Hex       0%         3d6       99%         4
 Sticky Flame             Conj/Fire      0%         2d3       99%         4
 Ozocubu's Refrigeration  Ice            0%         4d5       100%        7


Dungeon Overview and Level Annotations

Branches:
Dungeon (12/15)            Temple (0/1) D:4
   Lair: D:8-11         Orc: D:9-12

Altars:
Cheibriados
Dithmenos
Hepliaklqana
Nemelex Xobeh
Okawaru
Qazlal
Wu Jian
Xom
Zin
The Shining One

Shops:
D:8 (

Annotations:
D:4 1 runed translucent door, Crazy Yiuf
D:7 2 exclusions


Innate Abilities, Weirdness & Mutations

You are too large for most types of armour.
You have claws for hands.
Your natural rate of healing is unusually fast.
You are covered in fur. (AC +1)
You have tough skin. (AC +1)


Message History

You see here 15 stones.
You see here 15 stones.
Things that are here:
a +0 hand axe; a +0 robe
Found a +0 short sword.
You hear a shout!
You hear a bellow! x2; You hear a shout!
You hear a croak.
You hear an angry hiss.
You reach down and open the gate.
A troll comes into view.
The troll shouts!
You hear a bellow!
You hear a roar!
You hear a shout!
An acid dragon comes into view.
You hear an angry buzzing noise.
You hear two shouts!
You hear a shout!
A troll comes into view.
The troll bites you! The troll barely misses you. The troll claws you.
A yak comes into view. x2
You claw the troll!
The troll is moderately wounded.
The troll bites you but does no damage. The troll barely misses you. x2
You scratch the troll but do no damage.
The troll is moderately wounded.
A wyvern comes into view.
A hornet comes into view.
The hornet buzzes angrily.
You hear a shout!
A bullfrog comes into view.
The troll misses you. The troll claws you. You block the troll's attack.
The acid dragon spits acid at you. The splash of acid hits you!!!
The acid corrodes you!
A troll comes into view.
The troll bites you! The troll claws you!
* * * LOW HITPOINT WARNING * * *
The troll closely misses you.
As you read the scroll of teleportation, it crumbles to dust.
You feel strangely unstable.
You hear a bellow!
The wyvern hisses menacingly.
The troll bites you!
* * * LOW HITPOINT WARNING * * *
The troll claws you!
You die...

###.### ......##
###....##### # .
.)#........# .#..
#.#.)..###.###
###... ..#.####
#...## T#..#
#.#.#
#.##.###ylF#
#.#.#
#.....T#DY'#
#.#.#
#..###.@TY.#
#.#.######..#
#######
........##..#
............#####
..#.............#
.##.....##..###.#
........##..###.#
.###.##.........#
............#####


You could see 2 yaks, 3 trolls, a hornet, a wyvern, an acid dragon (catching
breath) and a bullfrog.

Vanquished Creatures
  2 two-headed ogres
  A death yak (D:8)
  Pikel (D:4)
  An ugly thing (D:9)
  A cyclops (D:12)
  A troll (D:7)
  2 hornets (D:8)
  A shadow (D:12)
  A wraith (D:12)
  22 yaks
  3 steam dragons
  5 water moccasins (D:7)
  An orc warrior (D:9)
  2 black bears
  3 ice beasts
  2 sky beasts (D:6)
  2 ogres
  3 centaurs
  2 lemures (D:4)
  2 kobold brigands
  2 necrophages
  8 bullfrogs
  2 scorpions
  5 wights
  An electric eel (D:8)
  5 howler monkeys
  3 jellies
  2 orc priests
  2 hounds
  2 gnoll shamans
  Terence (D:3)
  6 iguanas
  8 orc wizards
  Natasha (D:4)
  15 gnolls
  6 adders
  3 shadow imps
  A white imp (D:6)
  3 ufetubi
  A worm (D:4)
  5 dart slugs
  20 orcs
  12 ball pythons
  12 endoplasms
  3 giant cockroaches
  6 goblins
  8 hobgoblins
  11 kobolds
  3 quokkas
  6 bats
  4 frilled lizards
  4 rats
229 creatures vanquished.

Vanquished Creatures (others)
  4 yaks (D:10)
  2 jellies (D:7)
  15 plants (D:7)
21 creatures vanquished.

Grand Total: 250 creatures vanquished

Notes
Turn   | Place    | Note
-------+----------+-------------------------------------------
     0 | D:1      | rabbitsville the Troll Gladiator began the quest for the
                  | Orb.
     0 | D:1      | Reached XP level 1. HP: 19/19 MP: 0/0
   153 | D:1      | Reached XP level 2. HP: 24/28 MP: 1/1
   477 | D:1      | Reached XP level 3. HP: 35/35 MP: 2/2
   770 | D:1      | Found a faded altar of an unknown god.
  1768 | D:3      | Reached XP level 4. HP: 42/42 MP: 3/3
  1870 | D:3      | Found a stormy altar of Qazlal.
  2016 | D:3      | Became a worshipper of Qazlal Stormbringer
  2077 | D:3      | Noticed Terence
  2084 | D:3      | Killed Terence
  2085 | D:3      | Reached XP level 5. HP: 43/50 MP: 4/4
  2581 | D:4      | Reached XP level 6. HP: 59/59 MP: 5/5
  2647 | D:4      | Reached * piety under Qazlal
  2683 | D:4      | Reached skill level 5 in Unarmed Combat
  2760 | D:4      | Noticed Pikel
  2855 | D:4      | Found a staircase to the Ecumenical Temple.
  3225 | D:4      | Reached XP level 7. HP: 33/67 MP: 6/6
  3314 | D:4      | Found a runed translucent door.
  3315 | D:4      | Noticed Crazy Yiuf
  3379 | D:4      | Killed Pikel
  3380 | D:4      | Reached skill level 5 in Throwing
  3441 | D:4      | Noticed Natasha
  3447 | D:4      | Killed Natasha
  3497 | D:4      | Reached XP level 8. HP: 78/78 MP: 7/7
  3722 | D:5      | Entered Level 5 of the Dungeon
  3850 | D:5      | Reached skill level 1 in Invocations
  4122 | D:5      | Reached ** piety under Qazlal
  4162 | D:5      | Found a sparkling altar of Nemelex Xobeh.
  4693 | D:6      | Found a glowing golden altar of the Shining One.
  4694 | D:6      | Found a shimmering altar of Xom.
  4704 | D:6      | Found an iron altar of Okawaru.
  4704 | D:6      | Found a snail-covered altar of Cheibriados.
  4771 | D:6      | Noticed a two-headed ogre
  4779 | D:6      | Killed a two-headed ogre
  4780 | D:6      | Reached skill level 5 in Invocations
  4780 | D:6      | Reached XP level 9. HP: 43/84 MP: 11/11
  5587 | D:7      | Found an ornate altar of the Wu Jian Council.
  5808 | D:7      | Found a shadowy altar of Dithmenos.
  6028 | D:7      | Noticed an efreet
  6035 | D:7      | Noticed a seven-headed hydra
  6104 | D:7      | Reached XP level 10. HP: 81/92 MP: 14/14
  6447 | D:7      | Found a glowing silver altar of Zin.
  6875 | D:8      | Identified the amulet "Wiv Kel" {Faith rF+}
  6959 | D:8      | Noticed a death yak
  7203 | D:8      | Reached *** piety under Qazlal
  7228 | D:8      | Killed a death yak
  7319 | D:8      | Identified the +0 pair of gloves of Buthrosi {Int+2}
  7435 | D:8      | Reached XP level 11. HP: 54/98 MP: 16/16
  7828 | D:8      | Found a hazy altar of Hepliaklqana.
  7865 | D:8      | Found Isianowk's Weapon Emporium.
  8011 | D:8      | Noticed a two-headed ogre
  8019 | D:8      | Killed a two-headed ogre
  8020 | D:8      | Reached skill level 10 in Unarmed Combat
  8169 | D:9      | Noticed a cyan ugly thing
  8214 | D:9      | You are sucked into a shaft and drop 3 floors!
  8376 | D:11     | Noticed a tengu warrior
  8379 | D:11     | Noticed a tengu warrior
  8480 | D:10     | Entered Level 10 of the Dungeon
  8890 | D:9      | Reached skill level 10 in Invocations
  8912 | D:9      | Reached **** piety under Qazlal
  8962 | D:9      | Killed a cyan ugly thing
  9102 | D:9      | Slain by a troll

Illustrated notes

Levels and vault maps discovered:
D:1:      lemuel_arrival_muddy, layout_basic,
          shapermc_ecumenical_altar_acropolis, minivault_19,
          minmay_misc_feat_rows, dreamdust_princess_corridor, minmay_distorted
D:2:      layout_basic, bh_walls_and_bars
D:3:      layout_basic, lemuel_tele_altar, uniq_terence
D:4:      layout_loops_ring, minmay_temple_entry_overgrown,
          kennysheep_small_spiral, grunt_ministairs_1, minmay_ruptured,
          uniq_crazy_yiuf_cottage, uniq_pikel, uniq_natasha
D:5:      layout_basic, nemelex_dance_club_becter
D:6:      layout_loops_ring, grunt_temple_overflow_open
D:7:      nzn_winding_woodlands_stair_cross [nzn_winding_woodlands_5x15_zeroes,
          nzn_winding_woodlands_center_pierced_h,
          nzn_winding_woodlands_5x15_parted,
          nzn_winding_woodlands_5x5_closed_star,
          nzn_winding_woodlands_5x5_checkerboard,
          nzn_winding_woodlands_5x15_concentric,
          nzn_winding_woodlands_center_garden,
          nzn_winding_woodlands_5x15_lazy_stream], layout_layer_cave,
          amcnicky_altar_gilded, nicolae_dithmenos_shadow_blocks, zin_statuary,
          kennysheep_generic_room_12
D:8:      argonaut_augean_stables, layout_gridville,
          nicolae_hepliaklqana_hazy_memory, serial_shops, nicolae_shop_trees,
          minmay_crossroads
D:9:      layout_loops_ring, orc_0_dummy, kennysheep_kite_vault
D:10:     layout_roguey, erik_lair_dragon, chequers_serial_rivers_micro_a,
          lemuel_flamethrower_hall
D:11:     layout_gridville
D:12:     nicolae_BIG_FREAKIN_CUBE, layout_irregular_city,
          kennysheep_cluttered_room

Skill      XL: |  1  2  3  4  5  6  7  8  9 10 11 |
---------------+----------------------------------+-----
Throwing       | 2 3 4 5 6 7 8 9 |  9.3
Fighting       | 2 3 |  3.7
Unarmed Combat | 4 5 6 7 8 9 10 | 10.4
Invocations    | 5 7 9 10 | 10.3
Dodging        | |  2.4

Action                   |  1- 3 |  4- 6 |  7- 9 | 10-12 || total
-------------------------+-------+-------+-------+-------++-------
Melee: Unarmed           |   108 |   184 |   199 |   260 ||   751
       Punch             |     2 |     3 |     4 |    15 ||    24
Throw: Javelin           |       |     1 |     7 |       ||     8
       Dart              |       |       |     4 |     9 ||    13
       Large rock        |       |       |       |     3 ||     3
       Boomerang         |       |       |       |     1 ||     1
Invok: Upheaval          |       |       |       |     2 ||     2
  Use: Scroll            |       |       |     3 |    12 ||    15
Armor: Robe              |    57 |    41 |    34 |       ||   132
       Steam dragon scal |       |       |    12 |    75 ||    87
Dodge: Dodged            |    80 |    60 |    65 |   136 ||   341
Block: Other             |       |     3 |    39 |    69 ||   111

Table legend: (Time is in decaauts)
 A = Elapsed time spent in this place.
 B = Non-inter-level travel time spent in this place.
 C = Inter-level travel time spent in this place.
 D = Time resting spent in this place.
 E = Time spent auto-exploring this place.
 F = Levels seen in this place.
 G = Mean time per level.
                   A        B        C        D        E       F      G
               +--------+--------+--------+--------+--------+-----+--------+
         Total |   9035 |   8805 |    230 |    718 |   4149 |  12 |  752.9 |
       Dungeon |   9035 |   8805 |    230 |    718 |   4149 |  12 |  752.9 |
               +--------+--------+--------+--------+--------+-----+--------+

Top non-repeatable levels by time:
     D:7: 1532 daAuts
     D:8: 1331 daAuts
     D:4: 1112 daAuts
     D:1: 981 daAuts
     D:3: 837 daAuts
     D:5: 804 daAuts
     D:6: 772 daAuts
     D:2: 768 daAuts
     D:9: 546 daAuts
    D:11: 190 daAuts
    D:12: 85 daAuts
    D:10: 71 daAuts
